 Dungeon Crawl Stone Soup version 0.29.1-13-g9f3cf754e1 (webtiles) character file.

Game seed: 3364989832086337437

16403 freelancePsychic the Spear-Bearer (level 12, -1/97 HPs)
             Began as a Demonspawn Artificer on Sept 20, 2022.
             Was a Follower of Cheibriados.
             Slain by a fire elemental (14 damage)
             ... created by the fiery vengeance of Ignis
             ... on level 3 of the Lair of Beasts on Feb 7, 2023.
             The game lasted 00:29:29 (17163 turns).

freelancePsychic the Spear-Bearer (DsAr)           Turns: 17163, Time: 00:29:30

Health: -1/97      AC: 14    Str: 14    XL:     12   Next: 9%
Magic:  12/15      EV: 13    Int: 16    God:    Cheibriados [*.....]
Gold:   842        SH:  8    Dex: 20    Spells: 11/11 levels left

rFire   . . .      SeeInvis +   q - +2 trident (venom)
rCold   . . .      Faith    .   s - +2 buckler
rNeg    . . .      Spirit   .   E - +0 steam dragon scales
rPois   +          Reflect  .   (helmet unavailable)
rElec   .          Harm     .   (no cloak)
rCorr   .          Rampage  .   (no gloves)
Will    .....                   v - +0 pair of boots
Stlth   +++.......              (no amulet)
HPRegen 0.26/turn               D - +4 ring of slaying
MPRegen 0.14/turn               x - +4 ring of protection

@: fire susceptible, very slow
A: antennae 3, slimy green scales 3, foul stench 1
a: Renounce Religion, Bend Time


You were on level 3 of the Lair of Beasts.
You worshipped Cheibriados.
Cheibriados was aware of your devotion.
You visited 2 branches of the dungeon, and saw 15 of its levels.

You collected 1007 gold pieces.
You spent 165 gold pieces at shops.

Inventory:

Hand Weapons
 a - a +0 dagger
 q - a +2 trident of venom (weapon)
Missiles
 l - 6 curare-tipped darts
Armour
 b - a +0 leather armour
 s - a +2 buckler (worn)
 v - a +0 pair of boots (worn)
 E - +0 steam dragon scales (worn)
Jewellery
 i - a ring of positive energy
 j - a ring of ice
 x - a +4 ring of protection (right hand)
 y - an amulet of guardian spirit
 D - a +4 ring of slaying (left hand)
 J - an amulet of faith
Wands
 c - a wand of flame (17) (quivered)
 d - a wand of charming (15)
 e - a wand of iceblast (10)
Scrolls
 f - 9 scrolls of teleportation {@r4}
 g - a scroll of butterflies
 n - 2 scrolls of blinking
 r - 2 scrolls of poison
 t - 3 scrolls of enchant armour
 B - a scroll of immolation
 C - 2 scrolls of noise
 F - 3 scrolls of identify {@r1}
Potions
 h - 4 potions of brilliance
 k - a potion of mutation
 o - 3 potions of flight {unknown}
 p - 2 potions of degeneration {unknown}
 u - 3 potions of ambrosia {unknown}
 w - 2 potions of resistance {unknown}
 z - a potion of attraction {unknown}
 A - a potion of cancellation {unknown}
Miscellaneous
 G - a box of beasts (inert)


   Skills:
 + Level 10.3 Fighting
 - Level 2.3 Short Blades
 * Level 12.6 Polearms
 - Level 1.7 Armour
 - Level 3.7 Dodging
 - Level 3.2 Stealth
 - Level 4.0 Shields
 + Level 5.2 Invocations
 - Level 6.3 Evocations


You had 11 spell levels left.
You didn't know any spells.
Your spell library contained the following spells:

 Spells                   Type           Power      Damage    Failure   Level
 Magic Dart               Conj           0%         1d3       32%         1
 Shock                    Conj/Air       0%         1d3       32%         1
 Sting                    Tmut/Pois      0%         1d3       32%         1
 Call Imp                 Summ           0%         N/A       43%         2
 Ensorcelled Hibernation  Hex/Ice        0%         N/A       43%         2
 Poisonous Vapours        Pois/Air       0%         N/A       43%         2
 Scorch                   Fire           0%         2d5       43%         2
 Gell's Gravitas          Tloc           0%         N/A       67%         3
 Lesser Beckoning         Tloc           0%         N/A       67%         3
 Mephitic Cloud           Conj/Pois/Air  0%         N/A       67%         3
 Spider Form              Tmut/Pois      0%         N/A       67%         3
 Swiftness                Air            0%         N/A       67%         3
 Teleport Other           Tloc           0%         N/A       67%         3
 Airstrike                Air            0%         2d(0-16)  97%         4
 Anguish                  Hex/Necr       0%         N/A       97%         4
 Flame Wave               Conj/Fire      0%         2d4       97%         4
 Fulminant Prism          Conj/Hex       0%         3d6       97%         4
 Iskenderun's Mystic Bla  Conj/Tloc      0%         2d3       97%         4
 Olgreb's Toxic Radiance  Pois           0%         N/A       97%         4
 Lee's Rapid Deconstruct  Erth           0%         3d5*      100%        5
 Summon Cactus Giant      Summ           0%         N/A       100%        6


Dungeon Overview and Level Annotations

Branches:
Dungeon (11/15)            Temple (0/1) D:4            Lair (4/5) D:10
  Swamp: Lair:2-3    Shoals: Lair:2-3     Snake: Lair:2-3    Spider: Lair:2-3
  Slime: Lair:4-5       Orc: D:9-12

Altars:
Ashenzari
Cheibriados
Dithmenos
Fedhas
Gozag
Kikubaaqudgha
Sif Muna
Wu Jian
Ignis

Shops:
D:2 :[:

Annotations:
D:1 1 transporter
D:4 Edmund
D:7 3 runed translucent doors, AverageBear's ghost, amateur DsFi
D:10 2 runed translucent doors, cdecastro's ghost, journeyman TrFi
D:11 exclusion: boulder beetle


Innate Abilities, Weirdness & Mutations

You have a pair of large antennae on your head. (SInv)
You are completely covered in slimy green scales. (AC +4, rPois)
You may rarely emit foul miasma when damaged in melee.


Message History

You are too injured to fight recklessly!
You are too injured to fight recklessly!
You are too injured to fight recklessly!
You are too injured to fight recklessly!
You are too injured to fight recklessly!
The flow of time bends around you.
Cheibriados rebukes the fire elemental.
The fire elemental seems to slow down.
Cheibriados rebukes the fire elemental.
The fire elemental seems to slow down.
The fire elemental hits you. The fire elemental burns you!
The fire elemental hits you. The fire elemental burns you!
You puncture the fire elemental!
The fire elemental is almost destroyed.
You barely miss the fire elemental.
The fire elemental is almost destroyed.
The fire elemental misses you. The fire elemental hits you.
The fire elemental burns you!
You closely miss the fire elemental.
The fire elemental is almost destroyed.
The fire elemental hits you. The fire elemental burns you!
You barely miss the fire elemental.
The fire elemental is almost destroyed.
The fire elemental closely misses you.
You hit the fire elemental but do no damage.
The fire elemental is almost destroyed.
The fire elemental misses you. The fire elemental hits you.
The fire elemental burns you!
* * * LOW HITPOINT WARNING * * *
You closely miss the fire elemental.
The fire elemental is almost destroyed.
You block the fire elemental's attack.
You barely miss the fire elemental.
The fire elemental is almost destroyed.
The fire elemental hits you. The fire elemental burns you!
* * * LOW HITPOINT WARNING * * *
You hit the fire elemental.
The fire elemental is almost destroyed.
The fire elemental hits you. The fire elemental burns you!
You die...

..... #... # #..#
#. ##..## .
####.##P.$.####.P
........†........
.................
........E>.......
.......E@....[...
.........†.......
........†.....#..
###..##......#.P.
### #.....#....
...........
#......##..
#....?..


You could see 2 fire elementals.

Vanquished Creatures
  A boulder beetle (Lair:4)
  Erolcha (D:9)
  2 two-headed ogres
  A catoblepas (Lair:2)
  Sonja (D:10)
  Pikel (D:8)
  Psyche (D:10)
  A komodo dragon (Lair:2)
  A troll (D:10)
  5 blink frogs (Lair:3)
  2 shadows (D:10)
  2 wyverns
  A wraith (D:10)
  Eustachio (D:5)
  4 basilisks
  16 yaks
  5 steam dragons
  7 fire elementals (Lair:2)
  2 acid dragons
  4 water moccasins
  An orc warrior (D:9)
  3 ice beasts
  A black bear (D:10)
  3 ogres
  A centaur (D:9)
  2 kobold brigands
  8 bullfrogs
  A gnoll sergeant (D:5)
  2 scorpions
  A necrophage (D:5)
  14 wights
  12 killer bees
  3 howler monkeys (D:9)
  4 electric eels (D:7)
  A jelly (D:7)
  5 orc priests
  A gnoll bouda (D:5)
  2 hounds
  Ijyb (D:5)
  6 orc wizards
  4 hell rats (Lair:2)
  14 gnolls
  10 adders
  4 white imps
  2 ufetubi
  3 worms
  2 dart slugs
  16 orcs
  7 endoplasms
  6 giant cockroaches
  12 goblins
  7 hobgoblins
  3 jackals (D:1)
  7 quokkas
  2 ball pythons (D:1)
  7 bats
  10 frilled lizards
  12 kobolds
  6 rats
265 creatures vanquished.

Vanquished Creatures (collateral kills)
  Gastronok (Lair:1)
  A polar bear (Lair:4)
  A water moccasin (Lair:4)
  An orc warrior (D:10)
  A wolf (Lair:4)
5 creatures vanquished.

Vanquished Creatures (others)
  A komodo dragon (Lair:2)
  A wolf (Lair:4)
  A lemure (D:8)
  2 killer bees (D:9)
  A jackal (D:1)
  13 foxfires (D:9)
  13 fungi
  23 plants
  A withered plant (D:1)
56 creatures vanquished.

Grand Total: 326 creatures vanquished

Notes
Turn   | Place    | Note
-------+----------+-------------------------------------------
     0 | D:1      | freelancePsychic the Demonspawn Artificer began the quest
                  | for the Orb.
     0 | D:1      | Reached XP level 1. HP: 15/15 MP: 1/1
    19 | D:1      | Reached skill level 1 in Stealth
   437 | D:1      | Gained mutation: You are partially covered in slimy green
                  | scales. (AC +2) [demonic ancestry]
   437 | D:1      | Reached XP level 2. HP: 15/21 MP: 2/2
  1135 | D:1      | Found a faded altar of an unknown god.
  1153 | D:1      | Prayed at the altar of an unknown god.
  1153 | D:1      | Became a worshipper of Ignis, the Dying Flame
  1154 | D:1      | Upgraded the game from 0.29.1-1-gd02db6906a to
                  | 0.29.1-13-g9f3cf754e1
  1331 | D:1      | Gained mutation: You may rarely emit foul miasma when
                  | damaged in melee. [demonic ancestry]
  1331 | D:1      | Reached XP level 3. HP: 24/27 MP: 3/3
  1694 | D:2      | Found Vilistrait's Book Boutique.
  2049 | D:2      | Reached skill level 1 in Short Blades
  2283 | D:2      | Reached XP level 4. HP: 21/33 MP: 4/4
  2902 | D:2      | Found Moisahaps's Book Shoppe.
  3274 | D:2      | Found Gutteom's Armour Emporium.
  3505 | D:3      | Found a shadowy altar of Dithmenos.
  3508 | D:3      | Gained mutation: You have a pair of small antennae on your
                  | head. [demonic ancestry]
  3508 | D:3      | Reached XP level 5. HP: 39/39 MP: 5/5
  4615 | D:2      | Bought a +2 buckler for 165 gold pieces
  4652 | D:4      | Reached skill level 1 in Polearms
  4870 | D:4      | Reached XP level 6. HP: 41/47 MP: 6/6
  4875 | D:4      | Reached skill level 1 in Shields
  5045 | D:4      | Reached skill level 2 in Polearms
  5261 | D:4      | Noticed Edmund
  5292 | D:5      | Entered Level 5 of the Dungeon
  5292 | D:5      | Noticed Eustachio
  5345 | D:5      | Reached skill level 3 in Polearms
  5839 | D:5      | Gained mutation: You have a pair of antennae on your head.
                  | [demonic ancestry]
  5839 | D:5      | Reached XP level 7. HP: 32/53 MP: 7/7
  6007 | D:5      | Found a broken altar of Ashenzari.
  6172 | D:5      | Killed Eustachio
  6264 | D:5      | Reached skill level 4 in Polearms
  6537 | D:4      | Found a staircase to the Ecumenical Temple.
  6850 | D:5      | Noticed Ijyb
  6863 | D:5      | Killed Ijyb
  7869 | D:6      | Gained mutation: You have a pair of large antennae on your
                  | head. (SInv) [demonic ancestry]
  7869 | D:6      | Reached XP level 8. HP: 15/61 MP: 8/8
  8174 | D:6      | Reached skill level 5 in Polearms
  8191 | D:6      | Reached skill level 5 in Fighting
  8472 | D:6      | Found an ornate altar of the Wu Jian Council.
  8533 | D:6      | Identified the +1 sling of the Moth {venom, MP-9 Str+8}
  8719 | D:6      | Reached skill level 6 in Polearms
  8888 | D:6      | Reached skill level 1 in Dodging
  9738 | D:7      | Gained mutation: You are mostly covered in slimy green
                  | scales. (AC +3) [demonic ancestry]
  9738 | D:7      | Reached XP level 9. HP: 69/69 MP: 9/9
  9743 | D:7      | Reached skill level 7 in Polearms
 10007 | D:7      | Found a runed translucent gate.
 10007 | D:7      | Found a runed translucent gate.
 10008 | D:7      | Found a runed translucent gate.
 10010 | D:7      | Noticed AverageBear's ghost (amateur DsFi)
 10622 | D:8      | Noticed Pikel
 10659 | D:8      | Killed Pikel
 10660 | D:8      | Reached skill level 8 in Polearms
 11293 | D:8      | Reached XP level 10. HP: 56/79 MP: 10/10
 11314 | D:8      | Reached skill level 9 in Polearms
 11461 | D:8      | You fall into a shaft and drop 3 floors!
 11553 | D:11     | Noticed a boulder beetle
 11800 | D:10     | Entered Level 10 of the Dungeon
 11859 | D:10     | Reached skill level 5 in Evocations
 12110 | D:10     | Noticed Sonja
 12138 | D:10     | Found a staircase to the Lair.
 12158 | D:10     | Reached skill level 10 in Polearms
 12190 | D:10     | Killed Sonja
 12838 | D:9      | Reached XP level 11. HP: 38/87 MP: 11/11
 13151 | D:9      | Noticed Erolcha
 13165 | D:9      | Killed Erolcha
 13500 | D:9      | Found a shimmering blue altar of Sif Muna.
 13500 | D:9      | Found an ancient bone altar of Kikubaaqudgha.
 13657 | D:9      | Noticed a two-headed ogre
 13673 | D:9      | Killed a two-headed ogre
 13674 | D:9      | Reached skill level 11 in Polearms
 14299 | D:10     | Found a blossoming altar of Fedhas.
 14303 | D:10     | Noticed Psyche
 14317 | D:10     | Killed Psyche
 14426 | D:10     | Noticed a two-headed ogre
 14444 | D:10     | Killed a two-headed ogre
 14722 | D:10     | Found a snail-covered altar of Cheibriados.
 14859 | D:10     | Found an opulent altar of Gozag.
 15113 | D:10     | Found a large runed translucent door.
 15115 | D:10     | Found a large runed translucent door.
 15119 | D:10     | Noticed cdecastro's ghost (journeyman TrFi)
 15164 | Lair:1   | Entered Level 1 of the Lair of Beasts
 15177 | Lair:1   | Noticed Gastronok
 15282 | D:10     | Fell from the grace of Ignis
 15282 | D:10     | Became a worshipper of Cheibriados the Contemplative
 15397 | Lair:1   | Killed Gastronok
 15451 | Lair:1   | You fall into a shaft and drop 1 floor!
 15995 | Lair:2   | Reached skill level 12 in Polearms
 16421 | Lair:2   | Reached skill level 10 in Fighting
 16574 | Lair:2   | Noticed a catoblepas
 16594 | Lair:2   | Killed a catoblepas
 16663 | Lair:2   | You fall into a shaft and drop 2 floors!
 16663 | Lair:4   | Noticed a boulder beetle
 16672 | Lair:4   | Reached * piety under Cheibriados
 16708 | Lair:4   | Gained mutation: You are completely covered in slimy green
                  | scales. (AC +4, rPois) [demonic ancestry]
 16708 | Lair:4   | Reached XP level 12. HP: 16/97 MP: 15/15
 16710 | Lair:4   | Noticed a four-headed hydra
 17029 | Lair:3   | Reached skill level 5 in Invocations
 17163 | Lair:3   | Slain by a fire elemental

Illustrated notes

Levels and vault maps discovered:
D:1:      spicycebolla_arrival_risky_transporter, layout_loops_corners,
          shapermc_ecumenical_altar_flowoftime, chequers_serial_rivers_small_3,
          st_stairs_10
D:2:      minmay_spotlight, layout_loops_ring, serial_shops, shop,
          nicolae_diamond_shop, nicolae_shop_behind_doors,
          kennysheep_flooded_box
D:3:      layout_basic, mainiacjoe_overflow_catwalk, uniq_robin
D:4:      layout_basic, minmay_temple_entry_mist, uniq_edmund
D:5:      layout_layer_cave, grunt_temple_overflow_open, uniq_eustachio,
          uniq_ijyb
D:6:      layout_cave_pools, amcnicky_altar_gilded, serial_column_ruins,
          column_ruins_pillar_6, column_ruins_pillar_2, column_ruins_pillar_4,
          column_ruins_pillar_2, column_ruins_pillar_1, column_ruins_pillar_6,
          column_ruins_pillar_2, column_ruins_pillar_8, column_ruins_pillar_3,
          column_ruins_pillar_2
D:7:      layout_rooms, gammafunk_ghost_necromancy,
          chequers_hall_statues_corner_a, glass_columns_a, serial_bayou_lake_a
D:8:      layout_loops_ring, uniq_pikel
D:9:      layout_gridville, gammafunk_temple_overflow_pools, billiards_dpeg,
          uniq_erolcha
D:10:     layout_roguey, pdpol_temple_overflow_zin_treasury_gozag_greed,
          fedhas_ov_isle_minmay, mainiacjoe_overflow_small_starburst,
          grunt_lair_entry_orc_guard_hut, ebering_ghost_disaster_area,
          uniq_psyche, uniq_sonja
D:11:     lemuel_reptile_caves, layout_long_grid, erik_orc_1,
          kennysheep_minor_cross, serial_park_tiny_2
Lair:1:   layout_cave_pods, basic_altar, uniq_gastronok
Lair:2:   layout_regular_city, skrybe_swamp_entry_bodies,
          guppyfry_snake_entry_garden, nicolae_quartered_pool_little,
          hibernation_bobbens
Lair:3:   layout_regular_city, hellmonk_ghost_happy_afterlife,
          lemuel_oklob_altar
Lair:4:   layout_cave_shapes, fungi_pond_lemuel, kilobyte_rumbling_trees,
          serial_bayou_shore_a, uniq_urug

Skill      XL: |  1  2  3  4  5  6  7  8  9 10 11 12 |
---------------+-------------------------------------+-----
Stealth        | 1 2 3 |  3.2
Fighting       | 2 3 4 5 7 8 10 | 10.3
Short Blades   | 1 2 |  2.3
Polearms       | 1 3 4 6 8 10 12 | 12.6
Shields        | 2 3 4 |  4.0
Dodging        | 2 3 |  3.7
Evocations     | 5 6 |  6.3
Invocations    | 4 5 |  5.2
Armour         | |  1.7

Action                   |  1- 3 |  4- 6 |  7- 9 | 10-12 || total
-------------------------+-------+-------+-------+-------++-------
Melee: Club              |    28 |       |       |       ||    28
       Dagger            |   121 |   142 |       |       ||   263
       Trident           |       |    79 |   346 |   475 ||   900
Invok: Fiery Armour      |       |     3 |     1 |     2 ||     6
       Foxfire Swarm     |       |       |       |     1 ||     1
       Bend Time         |       |       |       |     1 ||     1
Evoke: Wand              |    15 |     2 |    15 |    25 ||    57
       Box of beasts     |       |       |       |     1 ||     1
  Use: Scroll            |     2 |     3 |     5 |    10 ||    20
       Potion            |       |       |       |     8 ||     8
 Stab: Sleeping          |     7 |    14 |     5 |     1 ||    27
       Distracted        |     1 |       |       |     2 ||     3
Armor: Leather armour    |    54 |    71 |    43 |       ||   168
       Steam dragon scal |       |       |    15 |   153 ||   168
Dodge: Dodged            |    77 |   146 |   101 |   177 ||   501
Block: Buckler           |       |    25 |    98 |   120 ||   243
